 Dungeon Crawl Stone Soup version 0.30-a0-329-g85436e0a43 (webtiles) character file.

Game seed: 6097160421098371285

60 lunkers the Firebug (level 4, -1/33 HPs)
             Began as a Meteoran Fire Elementalist on Oct 28, 2022.
             Slain by an orc
             ... wielding a +0 mace
              (7 damage)
             ... on level 3 of the Dungeon.
             The game lasted 00:03:39 (922 turns).

lunkers the Firebug (Meteoran Fire Elementalist)     Turns: 922, Time: 00:03:40

Health: -1/33      AC:  2    Str:  9    XL:     4   Next: 48%
Magic:  0/10       EV: 12    Int: 19    God:
Gold:   97         SH:  0    Dex: 14    Spells: 7/10 levels left

rFire   . . .      SeeInvis .    c - +4 mace
rCold   . . .      Faith    .    (no shield)
rNeg    . . .      Spirit   .    a - +0 robe
rPois   .          Reflect  .    (no helmet)
rElec   .          Harm     .    (no cloak)
rCorr   .          Rampage  .    (no gloves)
Will    .....                    (no boots)
Stlth   +.........               (no amulet)
HPRegen 0.25/turn                e - ring of wizardry
MPRegen 0.12/turn                (no ring)

@: glowing
A: sense surroundings 1, otherworldly, glowing, explore regen
a: no special abilities


You were on level 3 of the Dungeon.
You visited 1 branch of the dungeon, and saw 3 of its levels.

You collected 97 gold pieces.

Inventory:

Hand Weapons
 c - a +4 mace (weapon)
Armour
 a - a +0 robe (worn)
 i - a +2 ring mail of fire resistance
Jewellery
 e - a ring of wizardry (left hand)
Scrolls
 h - 2 scrolls of enchant armour {unknown}
 k - a scroll of enchant weapon {unknown}
 l - 3 scrolls of identify {unknown}
Potions
 b - a potion of magic
 d - a potion of invisibility {unknown}
 f - 2 potions of heal wounds {unknown}
 g - a potion of curing {unknown}
 j - a potion of flight {unknown}


   Skills:
 - Level 2.4 Dodging
 - Level 1.4 Stealth
 + Level 3.6 Spellcasting
 + Level 1.8 Conjurations
 * Level 5.0 Fire Magic


You had 7 spell levels left.
You knew the following spells:

 Your Spells              Type           Power      Damage    Failure   Level
a - Foxfire               Conj/Fire      64%        2x1d7     1%          1
b - Scorch                Fire           44%        2d7       1%          2

Your spell library contained the following spells:

 Spells                   Type           Power      Damage    Failure   Level
 Inner Flame              Hex/Fire       13%        N/A       6%          3
 Sublimation of Blood     Necr           3%         N/A       9%          2
 Kindle Blastsparks       Fire/Tloc/Air  18%        2d11      9%          3
 Flame Wave               Conj/Fire      16%        2d7       14%         4
 Petrify                  Tmut/Erth      3%         N/A       47%         4
 Irradiate                Conj/Tmut      3%         3d12      69%         5


Dungeon Overview and Level Annotations

Branches:
Dungeon (3/15) Zot: 877

Altars:

Shops:
D:1 *   D:2 (


Innate Abilities, Weirdness & Mutations

You passively map a small area around you.
You are easily found by Zot.
You glow in the dark.
You regain HP and MP as you explore.


Message History

* * * LOW MAGIC WARNING * * *
The foxfire hits the orc wizard.
The orc wizard is moderately wounded.
The foxfire hits the orc wizard.
The orc wizard is heavily wounded.
Unknown command.
Casting: Foxfire (safe; 1% risk of failure)
Press: ? - help, Q - select action, (/) - cycle Dir - look around, f - activate You conjure some foxfire!
* * * LOW MAGIC WARNING * * *
The foxfire hits the orc wizard.
The orc wizard is severely wounded.
Unknown command.
Casting: Foxfire (safe; 1% risk of failure)
Confirm with . or Enter, or press ? or * to list all spells.
Flames lash the goblin.
You kill the goblin!
* * * LOW MAGIC WARNING * * *
The foxfire hits the orc.
The orc is almost dead.
The orc hits you but does no damage.
Unknown command.
Unknown command.
Okay, then.
You closely miss the orc wizard.
The orc wizard is severely wounded.
The orc wizard points at you and mumbles some strange words.
The puff of flame hits you!
You hit the orc wizard but do no damage.
The orc wizard is severely wounded.
The orc wizard hits you with a +0 dagger.
The orc hits you with a +1 flail of protection.
* * * LOW HITPOINT WARNING * * *
The orc hits you with a +0 mace.
* * * LOW HITPOINT WARNING * * *
The orc attacks as you move away!
The orc hits you with a +1 flail of protection!
* * * LOW HITPOINT WARNING * * *
The orc hits you with a +0 mace!
You die...

* ####.#..###.###†.#
,,...#......##...# * *
**#####.....###....
,,,,, ................ ,
## ######....#####... ,
... ..........+.......
*##.. ######....#####...
..... #......#.#....#...
* *
##....#@####.#.#.##.#...
* ......oo# #.#.#..
,#... .....)o)# ..#.#..#
#... .....)... ###.#...
.... ........## #.#....
, , ......... ,,,..#....
........# * * ........#
......... *


You could see an orc wizard and 2 orcs.

Vanquished Creatures
  2 adders (D:2)
  2 worms
  A dart slug (D:2)
  3 orcs (D:3)
  4 bats (D:2)
  2 endoplasms
  A giant cockroach (D:2)
  3 goblins
  2 hobgoblins
  2 quokkas (D:1)
  3 ball pythons
  A frilled lizard (D:2)
  3 kobolds
  3 rats
32 creatures vanquished.

Vanquished Creatures (others)
  103 foxfires
103 creatures vanquished.

Grand Total: 135 creatures vanquished

Notes
Turn   | Place    | Note
-------+----------+-------------------------------------------
     0 | D:1      | lunkers the Meteoran Fire Elementalist began the quest for
                  | the Orb.
     0 | D:1      | Reached XP level 1. HP: 14/14 MP: 5/5
   118 | D:1      | Found Wihetenn's Assorted Antiques.
   141 | D:1      | Reached XP level 2. HP: 4/20 MP: 1/6
   154 | D:1      | Reached skill level 4 in Fire Magic
   435 | D:2      | Reached XP level 3. HP: 26/26 MP: 2/8
   438 | D:2      | Learned a level 2 spell: Scorch
   473 | D:2      | Found Keukatim's Antique Weapon Shop.
   617 | D:2      | Reached XP level 4. HP: 33/33 MP: 2/10
   916 | D:3      | Reached skill level 5 in Fire Magic
   922 | D:3      | Slain by an orc

Illustrated notes

Levels and vault maps discovered:
D:1:      dpeg_arrival_water_fire, layout_basic, serial_shops,
          nicolae_shop_window_shopping, minmay_stone_trees_medium
D:2:      layout_loops_ring, serial_shops, nicolae_shop_stone,
          minmay_misc_feat_iff, hangedman_decor_riveting
D:3:      minmay_chambers_of_twos, layout_basic, serial_shops,
          nicolae_shop_behind_doors, minmay_tree_intersection

Skill      XL: |  1  2  3  4 |
---------------+-------------+-----
Fire Magic     | 4 5 |  5.0
Spellcasting   | 3 |  3.6
Dodging        | |  2.4
Stealth        | |  1.4
Conjurations   | |  1.8

Action                   |  1- 3 |  4- 6 || total
-------------------------+-------+-------++-------
Melee: Mace              |     1 |     2 ||     3
 Cast: Foxfire           |    46 |    15 ||    61
       Scorch            |     3 |     5 ||     8
Armor: Robe              |    16 |     1 ||    17
Dodge: Dodged            |    10 |     2 ||    12

Table legend: (Time is in decaauts)
 A = Elapsed time spent in this place.
 B = Non-inter-level travel time spent in this place.
 C = Inter-level travel time spent in this place.
 D = Time resting spent in this place.
 E = Time spent auto-exploring this place.
 F = Levels seen in this place.
 G = Mean time per level.
                   A        B        C        D        E       F      G
               +--------+--------+--------+--------+--------+-----+--------+
         Total |    921 |    893 |     28 |      0 |    683 |   3 |  307.0 |
       Dungeon |    921 |    893 |     28 |      0 |    683 |   3 |  307.0 |
               +--------+--------+--------+--------+--------+-----+--------+

Top non-repeatable levels by time:
     D:2: 380 daAuts
     D:1: 377 daAuts
     D:3: 164 daAuts
